 Dungeon Crawl Stone Soup version 0.18-a0-1116-g1750dec (webtiles) character file.

101 Cojaviem the Charlatan (level 4, -14/42 HPs)
             Began as a Deep Dwarf Artificer on Jan 17, 2016.
             Killed from afar by Gobser's ghost (27 damage)
             ... with a bolt of negative energy
             ... on level 4 of the Dungeon.
             The game lasted 00:12:23 (2030 turns).

Cojaviem the Charlatan (Deep Dwarf Artificer)       Turns: 2030, Time: 00:12:24

Health: -14/42     AC:  8    Str: 15    XL:     4   Next: 48%
Magic:  8/8        EV: 10    Int: 13    God:
Gold:   135        SH:  0    Dex: 13    Spells: 0 memorised, 3 levels left

rFire  . . .     SeeInvis .     v - +2 quarterstaff (chaos)
rCold  . . .     Gourm    .     j - +0 ring mail
rNeg   . . .     Faith    .     (shield currently unavailable)
rPois  .         Spirit   .     (no helmet)
rElec  .         Dismiss  .     w - +1 cloak {MR+}
rCorr  .         Reflect  .     (no gloves)
SustAt .         Harm     .     n - +0 pair of boots
MR     +....                    (no amulet)
Stlth  +.........               (no ring)
                                (no ring)

@: non-regenerating, heavily drained, somewhat resistant to hostile
enchantments, very unstealthy
A: damage resistance, recharge devices, sense surroundings 1, slow regeneration
3
a: Device Recharging


You were on level 4 of the Dungeon.
You were not hungry.

You visited 1 branch of the dungeon, and saw 4 of its levels.

You collected 135 gold pieces.

Inventory:

Hand Weapons
 v - a +2 quarterstaff of chaos (weapon)
Armour
 j - a +0 ring mail (worn)
 n - a +0 pair of boots (worn)
 w - a +1 cloak of magic resistance (worn)
Wands
 c - a wand of flame (0/48)
 d - a wand of enslavement (15/24)
 e - a wand of random effects (0/48)
 f - a wand of heal wounds (0/9)
Scrolls
 b - 4 scrolls of identify {unknown}
 m - a scroll of enchant weapon {unknown}
 r - 3 scrolls of teleportation {unknown}
 t - a scroll of amnesia {unknown}
 y - a scroll of magic mapping {unknown}
Potions
 a - a potion of poison {unknown}
 h - a potion of might {unknown}
 i - a potion of magic {unknown}
 k - 2 potions of flight {unknown}
 l - 2 potions of ambrosia {unknown}
 o - a potion of brilliance {unknown}
 q - a potion of mutation {unknown}
 s - 2 potions of heal wounds {unknown}
 u - 2 potions of curing {unknown}
Books
 x - a book of Clouds

   Spells                             Type                      Level
   a - Mephitic Cloud                 Conjuration/Poison/Air       3
   b - Conjure Flame                  Conjuration/Fire             3
   c - Poisonous Cloud                Conjuration/Poison/Air       6
   d - Freezing Cloud                 Conjuration/Ice/Air          6
   e - Ring of Flames                 Charms/Fire                  7
Comestibles
 g - 4 bread rations
 p - 2 royal jellies
 z - 2 chunks of flesh
 A - a meat ration
 B - 2 fruits


   Skills:
 + Level 3.1(0.3) Fighting
   Level 0.8(0.0) Short Blades
 - Level 2.1(0.0) Dodging
 - Level 1.2(0.0) Stealth
 + Level 5.4(2.4) Evocations


You had 3 spell levels left.
You didn't know any spells.

Dungeon Overview and Level Annotations

Branches:
Dungeon (4/15)
 Temple: D:4-7

Altars:

Annotations:
D:4 Gobser's ghost, novice DrFi


Innate Abilities, Weirdness & Mutations

You are resistant to damage.
You can recharge devices by infusing magical energy.
You passively map a small area around you.
You do not regenerate naturally.


Message History

Evoke which item? (* to show all) (? for menu, Esc to quit)
This wand has no charges.
Unknown command.
Evoke which item? (* to show all) (? for menu, Esc to quit)
Zapping:
f - a wand of heal wounds (1/9)
Press: ? - help, Shift-Dir - straight line, f - you You feel much better.
This wand has 0 charges left.
A bolt of negative energy appears from out of thin air!
The bolt of negative energy hits you!
You feel drained.
That item cannot be evoked!
Evoke which item? (* to show all) (? for menu, Esc to quit)
Okay, then.
You hit something. Something hits you.
You miss something.
Something hits you but does no damage. x2
You sock something! You freeze something. Something hits you.
You miss something.
A bolt of negative energy appears from out of thin air!
The bolt of negative energy hits you!
You feel drained.
Ouch! That really hurt!
You die...

* , ...# ..#...## , ,
.......## ......# ,*
....... ......, , *
...#..# * ..... ** , *
..... #... #. ,,,,
*#.#.# #..###.... #.#.#
#......... ##...####
#..##.... *
##..<#...###@{.......
.............[...##...##
, #####...#...######
*.##*** ##.###### # *
..., < ,, * ###.,* * #.
* #. , * , ,


There were no monsters in sight!

Vanquished Creatures
  Crazy Yiuf (D:2)
  2 adders
  2 worms (D:2)
  2 giant geckos
  A ball python (D:3)
  3 giant cockroaches
  11 hobgoblins
  2 quokkas (D:2)
  4 bats (D:2)
  4 giant newts
  4 goblins
  5 kobolds
  6 rats
47 creatures vanquished.

Notes
Turn   | Place    | Note
--------------------------------------------------------------
     0 | D:1      | Cojaviem the Deep Dwarf Artificer began the quest for the Orb.
     0 | D:1      | Reached XP level 1. HP: 16/16 MP: 3/3
    48 | D:1      | Reached skill level 1 in Fighting
   294 | D:1      | Reached XP level 2. HP: 20/26 MP: 5/5
   729 | D:2      | Reached XP level 3. HP: 22/33 MP: 6/6
  1229 | D:2      | Noticed Crazy Yiuf
  1233 | D:2      | Killed Crazy Yiuf
  1233 | D:2      | Reached skill level 5 in Evocations
  1233 | D:2      | Reached XP level 4. HP: 21/42 MP: 7/7
  2003 | D:4      | Noticed Gobser's ghost (novice DrFi)
  2030 | D:4      | Killed from afar by Gobser's ghost

Vault maps used:
D:1:      dpeg_arrival_shrine
D:2:      uniq_crazy_yiuf_cottage
D:3:      first_bread, hangedman_decor_push
D:4:      kennysheep_goblin_castle, lemuel_crystal_altar, temple_statues,
          uniq_natasha

Action                   |  1- 3 |  4- 6 || total
-------------------------+-------+-------++-------
Melee: Short sword       |    88 |       ||    88
       Quarterstaff      |       |    34 ||    34
Evoke: Wand              |    19 |    16 ||    35
  Eat: Chunk             |       |     2 ||     2
       Pizza             |       |     1 ||     1
